Map: Catalyst LE

Players

RiSky - Winner!

  • Race: Zerg Zerg
  • League: Master
  • Spawn Location: 11:00

Beastyqt

  • Race: Terran Terran
  • League: Master
  • Spawn Location: 5:00

VOD

Have the link to the VOD?

Description

Time

  • Played on: Nov. 15, 2017, 6:11 p.m.
  • Length: 12:51
Show
View Real Time Build Order
Export as new Build Order

RiSky Zerg - Winner!

Build Orders: Hatch First 

Get SALT Encoding   

  12  0:00  Drone  
  13  0:12  Overlord  
  13  0:17  Drone  
  14  0:31  Drone x2  
  14  0:34  Drone  
  17  0:51  Hatchery  
  17  0:55  Drone  
  17  0:58  Drone  
  18  1:10  Extractor  
  17  1:13  Spawning Pool  
  17  1:16  Drone  
  17  1:20  Drone  
  18  1:28  Drone  
  19  1:38  Overlord  
  19  1:51  Drone  
  20  2:00  Queen, Zergling x2  
  23  2:03  Queen, Zergling x2  
  26  2:11  Drone  
  26  2:14  Drone  
  28  2:25  Hatchery  
  28  2:27  Drone  
  28  2:32  Metabolic Boost  
  28  2:35  Drone  
  29  2:38  Drone  
  29  2:44  Overlord  
  30  2:45  Drone  
  30  2:48  Drone  
  32  2:55  Drone  
  32  2:57  Drone  
  34  3:05  Drone  
  35  3:09  Drone x3  
  35  3:11  Drone x2  
  35  3:12  Overlord  
  40  3:14  Drone  
  40  3:18  Drone  
  42  3:20  Drone  
  43  3:30  Queen x2, Drone  
  48  3:35  Overlord  
  48  3:37  Drone  
  48  3:40  Queen  
  51  3:44  Drone x2  
  51  3:46  Drone  
  54  3:48  Drone  
  54  3:50  Drone  
  54  3:51  Drone  
  54  3:53  Drone  
  54  3:55  Drone  
  59  3:57  Drone  
  59  4:00  Zergling x6  
  63  4:04  Drone  
  64  4:12  Queen, Drone  
  65  4:19  Drone  
  65  4:25  Overlord  
  65  4:29  Drone  
  66  4:33  Overlord  
  66  4:36  Overlord  
  66  4:43  Queen, Overlord, Drone  
  69  4:54  Overlord  
  69  4:55  Drone x7  
  69  4:56  Evolution Chamber x2  
  69  4:58  Drone  
  75  5:03  Drone x2  
  75  5:06  Overlord  
  75  5:07  Drone x5  
  79  5:13  Drone  
  83  5:16  Hatchery  
  83  5:18  Drone  
  83  5:19  Drone  
  83  5:20  Lair  
  84  5:23  Drone  
  84  5:24  Extractor  
  84  5:25  Zerg Missile Weapons Level 1, Extractor, Drone x2  
  85  5:30  Extractor, Drone x2  
  85  5:31  Roach Warren, Drone  
  85  5:32  Extractor  
  85  5:33  Extractor  
  85  5:34  Zerg Ground Armor Level 1  
  85  5:35  Drone  
  85  5:36  Drone  
  86  5:42  Zergling x2  
  86  5:43  Zergling x8  
  90  5:52  Overlord  
  90  5:53  Drone  
  90  5:54  Overlord  
  90  5:55  Overlord  
  91  6:08  Overlord x2  
  91  6:09  Drone  
  92  6:13  Roach x5  
  92  6:14  Roach x2  
  92  6:16  Overlord  
  106  6:20  Drone  
  106  6:22  Glial Reconstitution  
  107  6:25  Hydralisk Den, Drone  
  107  6:26  Infestation Pit  
  107  6:27  Drone  
  107  6:33  Drone x5  
  112  6:40  Overlord  
  112  6:43  Drone x3  
  112  6:45  Extractor, Drone x2  
  112  6:46  Extractor, Overlord  
  115  6:55  Hydralisk  
  115  6:56  Muscular Augments, Hydralisk x3  
  115  6:59  Hydralisk x4  
  131  7:02  Hydralisk  
  131  7:07  Hydralisk x2  
  137  7:15  Hydralisk x2  
  137  7:21  Hive  
  141  7:23  Hydralisk  
  143  7:30  Drone x4  
  143  7:31  Drone x7  
  143  7:35  Hatchery  
  146  7:47  Hydralisk x9  
  148  7:58  Hydralisk x4  
  139  8:03  Hydralisk  
  143  8:08  Hydralisk x2  
  143  8:15  Hydralisk x3  
  149  8:20  Overseer  
  149  8:37  Spine Crawler, Drone  
  149  8:38  Drone x4  
  149  8:40  Spine Crawler  
  152  8:45  Viper x2  
  152  8:46  Viper  
  161  8:50  Extractor, Overlord x2  
  161  8:51  Extractor  
  161  8:53  Drone x4  
  161  8:54  Drone  
  164  8:56  Overlord  
  164  9:00  Overlord  
  164  9:01  Zerg Missile Weapons Level 2, Overlord  
  164  9:03  Queen  
  164  9:05  Overlord  
  162  9:12  Zerg Ground Armor Level 2  
  160  9:17  Hydralisk x5  
  166  9:26  Drone x2  
  168  9:32  Spire  
  168  9:36  Hydralisk x4  
  168  9:37  Evolution Chamber x2, Hydralisk  
  168  9:38  Evolution Chamber  
  174  9:41  Pneumatized Carapace  
  174  9:44  Zergling x14  
  174  9:45  Zergling x2  
  180  9:54  Drone x2  
  180  9:55  Drone x2  
  182  10:07  Viper x3  
  191  10:21  Hydralisk x3  
  197  10:43  Hydralisk  
  197  10:48  Hydralisk x4  
  199  10:51  Zerg Flyer Weapons Level 1, Spire  
  198  11:16  Hydralisk x8  
  199  11:21  Hydralisk x4  
  195  11:30  Hydralisk x4  
  197  11:35  Hydralisk x4  
  198  11:41  Hydralisk  
  198  11:45  Overlord  
  194  11:48  Hydralisk x5  
  194  11:52  Hydralisk x3  
  182  12:09  Hydralisk x3  
  182  12:10  Hydralisk x10  
  182  12:13  Hydralisk x3  
  191  12:19  Hydralisk x3  
  191  12:20  Hydralisk x2  
  191  12:22  Hydralisk x2  
  190  12:23  Hydralisk x2  
Show
View Real Time Build Order
Export as new Build Order

Beastyqt Terran 

Build Orders: Command Center First (CC), Mech 

Get SALT Encoding   

  12  0:01  SCV  
  13  0:13  SCV  
  14  0:19  Supply Depot  
  14  0:25  SCV  
  15  0:40  SCV  
  16  0:52  SCV  
  17  1:04  Command Center, SCV  
  18  1:17  Barracks  
  19  1:18  SCV  
  19  1:25  Refinery  
  19  1:30  Refinery  
  19  1:31  SCV  
  20  1:43  SCV  
  21  1:55  SCV  
  22  2:05  Reaper  
  22  2:07  Orbital Command  
  23  2:15  Orbital Command  
  23  2:23  Factory  
  23  2:33  SCV  
  24  2:37  Barracks Reactor  
  24  2:40  SCV  
  25  2:45  SCV  
  26  2:52  SCV  
  27  2:59  SCV  
  27  3:05  SCV  
  29  3:09  Command Center  
  29  3:10  Starport  
  29  3:11  SCV  
  30  3:17  SCV  
  30  3:19  Supply Depot  
  31  3:20  Hellion  
  31  3:24  Hellion  
  31  3:25  SCV  
  36  3:29  SCV  
  37  3:36  Barracks Tech Lab  
  37  3:37  Supply Depot, SCV  
  37  3:41  SCV  
  39  3:45  Hellion  
  39  3:48  Hellion  
  43  3:50  SCV  
  44  3:55  SCV  
  44  4:00  Supply Depot  
  44  4:02  SCV  
  46  4:03  Viking  
  46  4:07  Hellion  
  46  4:08  SCV  
  46  4:09  Hellion  
  53  4:14  SCV  
  53  4:20  SCV  
  53  4:21  Orbital Command  
  50  4:25  Supply Depot  
  50  4:27  Armory  
  50  4:28  SCV  
  51  4:32  Raven, SCV  
  51  4:35  Refinery  
  51  4:37  Refinery, Barracks Tech Lab  
  54  4:40  SCV  
  54  4:41  Hellion  
  54  4:43  Hellion  
  59  4:46  SCV  
  61  4:52  SCV  
  61  4:53  Supply Depot  
  61  4:58  SCV  
  62  5:02  Orbital Command  
  62  5:03  Hellion  
  62  5:04  Hellion  
  62  5:05  SCV  
  67  5:09  Factory  
  67  5:10  SCV  
  68  5:17  Supply Depot  
  68  5:18  Factory, Terran Vehicle Weapons Level 1  
  68  5:19  SCV  
  68  5:20  Armory  
  69  5:23  SCV  
  69  5:26  Hellion x2  
  69  5:28  Medivac  
  76  5:31  SCV x2  
  76  5:35  SCV  
  79  5:38  Supply Depot  
  79  5:43  SCV x2  
  79  5:47  SCV  
  79  5:49  Supply Depot x2  
  82  5:52  Hellion x2  
  82  5:55  SCV x2  
  88  5:58  Thor  
  88  6:02  SCV  
  93  6:07  Thor  
  93  6:08  SCV x2  
  93  6:11  Hellion x2  
  101  6:14  Medivac  
  101  6:16  Terran Vehicle And Ship Armor Level 1  
  101  6:17  SCV  
  104  6:20  SCV  
  104  6:24  SCV  
  106  6:26  Refinery x2, Supply Depot  
  106  6:27  Supply Depot, Hellion x2  
  106  6:29  SCV  
  111  6:33  SCV  
  112  6:42  SCV  
  112  6:43  Factory  
  112  6:44  Supply Depot  
  112  6:45  Factory, SCV  
  114  6:48  Starport Tech Lab, Siege Tank  
  114  6:50  Hellion x2  
  114  6:52  SCV  
  122  6:58  Supply Depot  
  122  6:59  Supply Depot  
  122  7:00  Engineering Bay  
  122  7:08  Supply Depot, Raven  
  122  7:09  Command Center  
  122  7:10  Siege Tank  
  122  7:12  SCV  
  132  7:15  Hellion x2  
  132  7:21  Supply Depot, Terran Vehicle Weapons Level 2  
  132  7:30  Factory Tech Lab, Factory Reactor  
  132  7:32  Hellion  
  132  7:34  SCV  
  135  7:37  Hellion, SCV  
  134  7:44  SCV  
  131  7:55  Siege Tank x2  
  131  7:56  Hellion  
  117  8:08  Raven  
  117  8:09  Siege Tank  
  117  8:10  Hellion x2  
  120  8:17  SCV  
  115  8:20  Terran Vehicle And Ship Armor Level 2  
  115  8:22  Hellion x2  
  119  8:27  Hellion, Siege Tank  
  119  8:28  Command Center  
  119  8:29  Command Center x2  
  119  8:30  Corvid Reactor  
  119  8:33  Refinery  
  124  8:34  Refinery  
  124  8:36  Missile Turret  
  124  8:41  Missile Turret  
  124  8:42  Planetary Fortress  
  124  8:49  SCV  
  124  8:54  Sensor Tower  
  125  8:59  Siege Tank x2  
  125  9:00  Hellion x2  
  129  9:05  Hellion x3  
  129  9:12  Command Center  
  129  9:16  Sensor Tower  
  129  9:18  Siege Tank  
  129  9:19  Hellion x2  
  129  9:22  Hellion  
  136  9:28  Infernal Pre-Igniter  
  136  9:30  Smart Servos  
  136  9:32  Hellion x2  
  136  9:37  Raven  
  142  9:39  Hellion  
  142  9:40  Hellion  
  142  9:43  Orbital Command x3  
  146  9:49  Command Center  
  146  9:55  Siege Tank  
  146  9:56  Siege Tank  
  146  9:57  Hellion x2  
  146  9:58  Rapid Fire Launchers  
  152  10:00  Hellion  
  152  10:10  Hellion x2  
  152  10:18  Factory, Starport  
  152  10:19  Factory  
  152  10:20  Hellion  
  152  10:21  Hellion x3  
  160  10:33  Raven  
  162  10:40  Hellion  
  162  10:41  Hellion x2  
  162  10:42  Factory, Hellion x2  
  172  10:46  Factory  
  172  11:03  Building Armor  
  172  11:06  Hellion  
  172  11:07  Hellion  
  172  11:10  Refinery, Missile Turret  
  176  11:11  Missile Turret  
  176  11:13  Refinery  
  176  11:18  Hellion x2  
  171  11:19  Factory Tech Lab  
  171  11:28  Hellion x4  
  171  11:31  Orbital Command, Hellion  
  163  11:35  Factory Tech Lab x2  
  163  11:36  Factory Tech Lab, Hellion  
  163  11:39  Hellion  
  173  11:40  Planetary Fortress  
  152  11:55  Siege Tank x2  
  130  12:11  Hellion x2  
  120  12:24  Barracks  
  120  12:28  Hellion  
Tags
 
Add a new tag
Caveats
  • Supply blocks, unpowered buildings, or Contaminate may cause inaccurate times.
  • Supply counts are checked every 10 seconds.